 Dungeon Crawl Stone Soup version 0.29.0-15-g675c0067aa (webtiles) character file.

Game seed: 18066979278261837471

2 qw the Sneak (level 1, 0/14 HPs)
             Began as a Gargoyle Delver on Sept 11, 2022.
             Was an Initiate of Okawaru.
             Slain by an orc wizard
             ... wielding a +0 dagger
              (3 damage)
             ... on level 5 of the Dungeon.
             The game lasted 00:00:06 (246 turns).

qw the Sneak (Gargoyle Delver)                       Turns: 246, Time: 00:00:06

Health: 0/14       AC:  5    Str: 15    XL:     1   Next: 30%
Magic:  1/1        EV: 11    Int: 10    God:    Okawaru [......]
Gold:   22         SH:  0    Dex: 11    Spells: 0/0 levels left

rFire   . . .      SeeInvis .   a - +0 hand axe
rCold   . . .      Faith    .   (no shield)
rNeg    + . .      Spirit   .   b - +0 leather armour
rPois   inf        Reflect  .   (no helmet)
rElec   +          Harm     .   (no cloak)
rCorr   .          Rampage  .   (no gloves)
Will    .....                   (no boots)
Stlth   +.........              (no amulet)
HPRegen 0.04/turn               (no ring)
MPRegen 0.07/turn               (no ring)

@: confused
A: sickness immunity, AC +2, negative energy resistance 1, electricity
resistance, torment resistance 1, petrification resistance
a: Renounce Religion


You were on level 5 of the Dungeon.
You worshipped Okawaru.
Okawaru was noncommittal.
You visited 2 branches of the dungeon, and saw 2 of its levels.

You collected 22 gold pieces.


Innate Abilities, Weirdness & Mutations

You are immune to sickness and miasma.
Your stone body is resilient. (AC +2)
You are immune to poison.
You resist negative energy. (rN+)
You are resistant to electric shocks. (rElec)
You are resistant to unholy torment.
You are immune to petrification.


   Skills:
 - Level 3.2 Fighting
 + Level 2.0 Axes
 - Level 1.5 Dodging
 - Level 5.4 Stealth


You couldn't memorise any spells.
You didn't know any spells.
Your spell library was empty.

Inventory:

Hand Weapons
 a - a +0 hand axe (weapon)
 c - a +0 whip
Armour
 b - a +0 leather armour (worn)
Wands
 g - a wand of digging (3)
Scrolls
 d - a scroll of blinking {unknown}
Potions
 f - a potion of haste

Dungeon Overview and Level Annotations

Branches:
Dungeon (5/15)             Temple (1/1) D:5

Altars:
Ashenzari
Cheibriados
Dithmenos
Elyvilon
Fedhas
Gozag
Hepliaklqana
Kikubaaqudgha
Makhleb
Nemelex Xobeh
Okawaru
Qazlal
Ru
Trog
Uskayaw
Wu Jian
Xom
Yredelemnul
Zin
The Shining One


Message History

The orc barely misses you.
The orc wizard hits you but does no damage.
You closely miss the orc wizard. You closely miss the orc.
The orc closely misses you.
The orc wizard hits you but does no damage.
You closely miss the orc wizard. You closely miss the orc.
The orc closely misses you. The orc wizard barely misses you.
You hit the orc wizard but do no damage.
You hit the orc. The orc hits you with a +0 dagger.
The orc wizard hits you with a +0 dagger.
You hit the orc.
You kill the orc!
Okawaru accepts your kill.
You hit the orc wizard.
The orc wizard points at you and mumbles some strange words.
The puff of flame hits you.
Your Axes skill increases to level 2!
You hit the orc wizard but do no damage.
The orc wizard is moderately wounded.
The orc wizard hits you but does no damage.
An orc comes into view. It is wielding a +0 flail.
The orc wizard mumbles some strange words.
The orc wizard flickers and vanishes!
Deactivating autopickup; reactivate with Ctrl-A.
You hit something but do no damage. The orc hits you but does no damage.
You hear some strange, mumbled words.
You are confused.
You bump into the rock wall.
The orc hits you but does no damage. Something hits you but does no damage.
You hit the orc.
The orc is moderately wounded.
You miss something. The orc hits you but does no damage. Something hits you.
You bump into the rock wall.
The orc hits you with a +0 dagger. Something hits you but does no damage.
You hit something. You hit the orc but do no damage. The orc barely misses you.
Something hits you.
You die...

###........####..
#......#.#.####.
##.#.#...........
#..#...#.}.#.....
#....#.......#...
#..#...}.>.}...#.
##...#.......#...
##.{..#.}.#...#)
##@#.......###
#o##.#.#..#
#o..........
.####.#...## .
....## .. .# #.


You could see 2 orcs.

Vanquished Creatures
  An orc (D:5)
1 creature vanquished.

Notes
Turn   | Place    | Note
-------+----------+-------------------------------------------
     0 | D:5      | qw the Gargoyle Delver began the quest for the Orb.
     0 | D:5      | Reached XP level 1. HP: 14/14 MP: 1/1
     0 | D:5      | 0 ||| qw: Version: 0.1-a-118-gb4e7ce6
     0 | D:5      | 0 ||| qw: Game counter: 10244
     0 | D:5      | 0 ||| qw: Always use a shield: true
     0 | D:5      | 0 ||| qw: God list: Okawaru
     0 | D:5      | 0 ||| qw: Allow faded altars: false
     0 | D:5      | 0 ||| qw: Do Orc after D:15 true
     0 | D:5      | 0 ||| qw: Do second Lair branch before Depths: true
     0 | D:5      | 0 ||| qw: Lair rune preference: random
     0 | D:5      | 0 ||| qw: Plans: Normal
     0 | D:5      | 0 ||| PLANNING D:1-11
     9 | D:5      | Found a staircase to the Ecumenical Temple.
    10 | D:5      | 10 ||| PLANNING TEMPLE
    10 | D:5      | 10 ||| DROPPING ring of flight.
    11 | D:5      | 11 ||| DROPPING scroll of fog.
    12 | D:5      | 12 ||| DROPPING scroll of magic mapping.
    13 | D:5      | 13 ||| DROPPING scroll of fear.
    22 | Temple   | Entered the Ecumenical Temple
   188 | Temple   | 188 ||| PLANNING D:1-11
   202 | Temple   | Became a worshipper of Warmaster Okawaru
   229 | D:5      | Noticed an orc wizard
   230 | D:5      | 230 ||| Stepping ~*~*~tactically~*~*~ (stealth).
   232 | D:5      | 232 ||| Stepping ~*~*~tactically~*~*~ (hiding).
   245 | D:5      | HP: 3/14 [orc/+0 dagger (1)]
   246 | D:5      | Slain by an orc wizard

Levels and vault maps discovered:
D:5:      layout_loops_ring, minmay_temple_entry_sparse_star, serial_rivers,
          chequers_serial_rivers_micro_b, chequers_serial_rivers_large_b,
          chequers_serial_rivers_small_3, chequers_serial_rivers_room_b,
          chequers_serial_rivers_room_a, chequers_serial_rivers_small_a,
          amcnicky_mini_rare_corridor_liquid, corexii_hall_statues_deadend,
          abandoned_shop, uniq_crazy_yiuf_cottage, uniq_edmund,
          uniq_blork_the_orc
Temple:   nicolae_temple_slightly_damp_pantheon

Skill      XL: |  1 |
---------------+----+-----
Axes           | 2 |  2.0
Fighting       | |  3.2
Dodging        | |  1.5
Stealth        | |  5.4

Action                   || total
-------------------------++-------
Melee: Hand axe          ||    10
Armor: Leather armour    ||     8
Dodge: Dodged            ||     5

Table legend:
 A = Non-vault XP
 B = Vault XP
 C = Vault XP percentage of total XP
 D = Non-vault monster count
 E = Vault monster count
 F = Vault count percentage of total count
                 A         B        C        D         E       F
            +---------+---------+-------+---------+---------+-------
      Total |       3 |       0 |   0.0 |       1 |       0 |   0.0
            +---------+---------+-------+---------+---------+-------
        D:5 |       3 |       0 |   0.0 |       1 |       0 |   0.0
            +---------+---------+-------+---------+---------+-------
